AoeStats
← 1791912749

Lombardia

509279037Analyzed
2v2 RM · 5d ago on Sep 26, 2026· 89m 9s· 4 players
Game mode
Random Map
Map size
Medium (4 player)
Population
200
Speed
Normal
Resources
Standard
Victory
Conquest
Starting age
Dark Age
Ending age
Imperial Age
RankedLock teamsTeams togetherTeam positionsShared explorationLock speedFull tech treeHidden civsTurbo modeCheats
Victory
Defeat
🇦🇺 Malay · Australia
1033
+9
🇨🇿 Bohemians · Czechia
968
+11
🇨🇳 Koreans · China
914
-23
🇸🇬 Bohemians · Singapore
819
-9
1791912749
9:54 Loom
12:39 Feudal Age
13:55 Wheelbarrow
13:05 Horse Collar
13:13 Double-Bit Axe
21:09 Castle Age
19:41 Scale Mail Armor
19:53 Forging
23:46 Hand Cart
23:49 Squires
26:21 Bow Saw
26:26 Heavy Plow
29:39 Gold Mining
31:19 Gold Shaft Mining
35:32 Imperial Age
33:38 Stone Mining
33:49 Murder Holes
34:33 Chain Mail Armor
34:53 Iron Casting
34:08 Arson
34:58 Ballistics
34:30 Heated Shot
34:38 Treadmill Crane
35:23 Eupseong
36:50 Stone Shaft Mining
37:22 Two-Man Saw
36:45 Elite Fire Lancer
37:59 Plate Mail Armor
39:41 Conscription
38:43 Elite War Wagon
41:25 Shinkichon
40:54 Heavy Rocket Cart
45:54 Chemistry
46:13 Husbandry
45:34 Light Cavalry
46:23 Scale Barding Armor
47:53 Hussar
50:45 Chain Barding Armor
55:44 Fletching
62:07 Bodkin Arrow
67:38 Siege Engineers
67:26 Heated Shot
69:39 Cavalier
74:09 Herbal Medicine
$
myne
PumpusMaximus
4:56 Loom
11:18 Feudal Age
16:17 Castle Age
14:30 Double-Bit Axe
17:09 Husbandry
25:06 Bow Saw
27:10 Chemistry
26:08 Horse Collar
27:48 Wheelbarrow
33:53 Hand Cart
34:02 Town Watch
36:03 Padded Archer Armor
35:53 Fletching
36:04 Scale Mail Armor
37:38 Fervor
40:04 Imperial Age
37:45 Murder Holes
38:01 Fortified Wall
38:03 Masonry
38:11 Heavy Plow
39:59 Leather Archer Armor
39:40 Bodkin Arrow
40:01 Chain Mail Armor
39:51 Scale Barding Armor
39:57 Forging
44:58 Ballistics
44:28 Guard Tower
44:24 Arrowslits
46:27 Conscription
46:12 Hussite Reforms
51:03 Cavalier
53:09 Town Patrol
56:23 Plate Mail Armor
56:50 Light Cavalry
62:19 Ring Archer Armor
61:50 Bracer
62:25 Iron Casting
62:11 Chain Barding Armor
63:39 Onager
63:43 Houfnice
68:17 Man-at-Arms
68:20 Pikeman
69:50 Squires
69:36 Arson
71:16 Halberdier
80:09 Two-Man Saw
Connection lost

Rejoining the realm…

Still unreachable

The connection could not be restored.

Session expired

The server has moved on; the page needs a fresh start.